 Dungeon Crawl Stone Soup version 0.24.0-1-gfbc8707122 (webtiles) character file.

Game seed: 8323317303001527056, levelgen mode: deterministic

6534 Froggeryz the Severer (level 10, 0/88 HPs)
             Began as a Minotaur Fighter on Oct 27, 2019.
             Was a Priest of Okawaru.
             Slain by a yak (14 damage)
             ... on level 9 of the Dungeon.
             The game lasted 00:17:24 (8948 turns).

Froggeryz the Severer (Minotaur Fighter)            Turns: 8948, Time: 00:17:25

Health: 0/88       AC:  7    Str: 24    XL:     10   Next: 69%
Magic:  18/18      EV:  9    Int:  5    God:    Okawaru [***...]
Gold:   619        SH:  0    Dex: 12    Spells: 9/9 levels left

rFire    . . .     SeeInvis .   G - +3 battleaxe (freeze)
rCold    + . .     Gourm    .   (shield currently unavailable)
rNeg     . . .     Faith    .   b - +0 scale mail
rPois    .         Spirit   .   (helmet restricted)
rElec    .         Reflect  .   (no cloak)
rCorr    .         Harm     .   n - -1 pair of gloves
MR       .....                  (no boots)
Stlth    ..........             (no amulet)
HPRegen  0.24/turn              m - ring of magical power
MPRegen  0.16/turn              A - ring of protection from cold

@: no status effects
A: retaliatory headbutt, horns 2, mutation resistance 1, strong 1
a: Heroism, Renounce Religion


You were on level 9 of the Dungeon.
You worshipped Okawaru.
Okawaru was most pleased with you.
You were very hungry.

You visited 2 branches of the dungeon, and saw 10 of its levels.
You also visited: Sewer and Ossuary.

You collected 619 gold pieces.

Inventory:

Hand Weapons
 p - a +1 scimitar of flaming
 r - a +2 hand axe of electrocution
 G - a +3 battleaxe of freezing (weapon)
Missiles
 i - 15 boomerangs
 s - 11 javelins (quivered)
Armour
 b - a +0 scale mail (worn)
 n - a -1 pair of gloves (worn)
Jewellery
 m - a ring of magical power (left hand)
 A - a ring of protection from cold (right hand)
 D - an uncursed amulet of rage {unknown}
Wands
 a - a wand of iceblast (6)
 q - a wand of digging (5)
 y - a wand of polymorph (13)
 z - a wand of flame (34)
Scrolls
 e - a scroll of magic mapping
 g - 17 scrolls of identify
 l - 7 scrolls of remove curse
 o - 4 scrolls of enchant weapon
 t - a scroll of immolation
 w - 3 scrolls of teleportation
 x - a scroll of fog
 C - 2 scrolls of fear
Potions
 c - a potion of curing
 d - 2 potions of might
 h - a potion of ambrosia {unknown}
 j - 2 potions of resistance
 k - 2 potions of agility
 u - 4 potions of flight
 v - 2 potions of mutation
Comestibles
 f - 8 rations


   Skills:
 - Level 8.2 Fighting
 * Level 16.5 Axes
 + Level 5.5 Armour
   Level 3.6 Shields


You had 9 spell levels left.
You didn't know any spells.
Your spell library contained the following spells:

 Spells                   Type           Power        Failure   Level  Hunger
 Corona                   Hex            #......      77%         1    ##.....
 Ensorcelled Hibernation  Hex/Ice        #.....       88%         2    ###....
 Slow                     Hex            #.......     88%         2    ###....
 Confuse                  Hex            #.......     98%         3    ####...
 Dazzling Spray           Conj/Hex       #.....       98%         3    ####...
 Inner Flame              Hex/Fire       #.......     98%         3    ####...
 Portal Projectile        Hex/Tloc       #.....       98%         3    ####...
 Tukima's Dance           Hex            #.......     98%         3    ####...
 Cause Fear               Hex            #.........   100%        4    #####..
 Leda's Liquefaction      Hex/Erth       #.........   100%        4    #####..


Dungeon Overview and Level Annotations

Branches:
Dungeon (9/15)             Temple (1/1) D:6           Sewer (visited)
Ossuary (visited)
   Lair: D:8-11         Orc: D:9-12

Altars:
Dithmenos
Fedhas
Gozag
Kikubaaqudgha
Makhleb
Nemelex Xobeh
Okawaru
Ru
Trog
Uskayaw
Vehumet
Wu Jian
Xom


Innate Abilities, Weirdness & Mutations

You reflexively headbutt those who attack you in melee.
You have a pair of horns on your head.
You are somewhat resistant to further mutation.
Your muscles are strong. (Str +2)


Message History

You hit the hound zombie. Your headbutt misses the hound zombie.
The hound zombie is moderately damaged.
The hound zombie bites you.
* * * LOW HITPOINT WARNING * * *
Okay, then.
You slice the hound zombie!! You freeze the hound zombie.
You destroy the hound zombie!
Okawaru accepts your kill.
You are feeling very hungry.
Throwing (i - inventory. (/) - cycle)
s - 12 javelins (quivered)
Press: ? - help, Shift-Dir - straight line, f - yak
Aim: a yak (moderately wounded)
You throw a javelin. The javelin pierces through the yak.
The yak is moderately wounded.
The yak barely misses you. You furiously retaliate!
You headbutt the yak, but do no damage. You barely miss the yak.
The yak is moderately wounded.
The yak gores you!
You die...

........... #....
....(... #.... .....
#.... #††# #########'##
##..####.##.#..#.##
+............#.....
#............#.....
##Y#####..####..###
#@##.##..####..###
#......................
#......................
##.....##.....##....##.
########.....##....###
#......#......#.
#......#......#. #+
###+#####.######
.###.######..##.##.#


You could see a yak.

Vanquished Creatures
  Erica (D:8)
  Joseph (D:7)
  A hornet (D:8)
  A hippogriff (D:8)
  A wyvern (D:8)
  5 yaks (D:9)
  A water moccasin (D:4)
  2 orc warriors
  5 ice beasts
  4 sky beasts
  2 black bears
  A phantom (D:8)
  A tengu (D:4)
  6 ogres
  4 centaurs
  An elf zombie (Ossuary)
  4 bullfrogs
  A water moccasin zombie (D:5)
  7 killer bees (D:7)
  2 scorpions
  2 crimson imps
  A bullfrog zombie (D:6)
  2 hounds
  3 orc priests
  A bullfrog skeleton (D:9)
  A centaur skeleton (D:9)
  3 jellies (D:5)
  6 orc wizards
  Jessica (D:3)
  2 iguanas
  2 worker ants
  A killer bee zombie (D:6)
  2 big kobold zombies (Ossuary)
  7 hound zombies
  3 mummies (Ossuary)
  A hound skeleton (D:7)
  A howler monkey skeleton (D:8)
  7 adders
  2 river rats (D:5)
  A shadow imp (D:5)
  5 oozes (Sewer)
  4 adder zombies (Ossuary)
  8 worms
  5 dart slugs
  12 leopard geckos
  34 orcs
  9 giant cockroaches
  7 goblins
  4 hobgoblins
  17 jackals
  4 quokkas
  3 ball pythons
  8 bats
  5 frilled lizards
  2 goblin zombies (Ossuary)
  A hobgoblin zombie (Ossuary)
  7 jackal zombies (Ossuary)
  8 kobolds
  4 kobold zombies (Ossuary)
  A leopard gecko zombie (D:5)
  An orc zombie (Ossuary)
  A quokka skeleton (D:5)
  4 quokka zombies (Ossuary)
  5 rats
  4 rat zombies (Ossuary)
263 creatures vanquished.

Notes
Turn   | Place    | Note
-------+----------+-------------------------------------------
     0 | D:1      | Froggeryz the Minotaur Fighter began the quest for the Orb.
     0 | D:1      | Reached XP level 1. HP: 19/19 MP: 0/0
    18 | D:1      | Reached skill level 3 in Axes
    45 | D:1      | Reached XP level 2. HP: 26/27 MP: 1/1
   424 | D:2      | Reached skill level 4 in Axes
   424 | D:2      | Reached XP level 3. HP: 30/33 MP: 2/2
   898 | D:2      | Noticed an ice beast
  1256 | D:2      | Killed an ice beast
  1256 | D:2      | Reached skill level 6 in Axes
  1256 | D:2      | Reached XP level 4. HP: 8/40 MP: 3/3
  1256 | D:2      | Reached XP level 5. HP: 9/46 MP: 4/4
  1704 | D:3      | Noticed Jessica
  1708 | D:3      | Killed Jessica
  1799 | D:3      | Noticed an ogre
  1803 | D:3      | Killed an ogre
  1803 | D:3      | Reached skill level 7 in Axes
  1803 | D:3      | Reached XP level 6. HP: 50/52 MP: 5/5
  1915 | D:3      | Found an opulent altar of Gozag.
  2056 | D:3      | Reached skill level 8 in Axes
  2601 | D:4      | Reached skill level 9 in Axes
  2657 | D:4      | Found a transporter.
  2694 | D:4      | Found a shadowy altar of Dithmenos.
  2694 | D:4      | Noticed a water moccasin
  2703 | D:4      | Killed a water moccasin
  2703 | D:4      | Reached XP level 7. HP: 57/59 MP: 6/6
  2727 | D:4      | Found a transporter.
  3270 | D:4      | Reached skill level 10 in Axes
  3424 | D:5      | Entered Level 5 of the Dungeon
  3519 | D:5      | Found a shimmering altar of Xom.
  3572 | D:5      | Reached skill level 11 in Axes
  3572 | D:5      | Reached XP level 8. HP: 34/66 MP: 7/7
  3841 | D:5      | Found a glowing drain.
  3845 | Sewer    | Entered a sewer
  4180 | Sewer    | Reached skill level 12 in Axes
  4695 | D:6      | Found a staircase to the Ecumenical Temple.
  4750 | Temple   | Entered the Ecumenical Temple
  4768 | Temple   | Became a worshipper of Warmaster Okawaru
  4827 | D:6      | Reached skill level 13 in Axes
  4924 | D:6      | Reached XP level 9. HP: 23/72 MP: 8/8
  4964 | D:6      | Reached * piety under Okawaru
  5374 | D:6      | Reached skill level 5 in Fighting
  5779 | D:6      | Gained mutation: Your muscles are strong. (Str +2) [potion
                  | of mutation]
  5779 | D:6      | Gained mutation: You are somewhat resistant to further
                  | mutation. [potion of mutation]
  6035 | D:7      | Reached skill level 14 in Axes
  6473 | D:7      | Noticed Joseph
  6488 | D:7      | Killed Joseph
  6488 | D:7      | Reached ** piety under Okawaru
  6488 | D:7      | Reached skill level 15 in Axes
  7147 | D:8      | Reached XP level 10. HP: 77/86 MP: 9/9
  7367 | D:8      | Paralysed by a hornet for 3 turns
  7460 | D:8      | Found a sand-covered staircase.
  7469 | Ossuary  | Entered an ossuary
  7919 | D:8      | Found a blossoming altar of Fedhas.
  7922 | D:8      | Found a bloodstained altar of Trog.
  7925 | D:8      | Found a hide-covered altar of Uskayaw.
  7939 | D:8      | Found an ancient bone altar of Kikubaaqudgha.
  8308 | D:8      | Noticed Erica
  8314 | D:8      | Killed Erica
  8314 | D:8      | Reached skill level 16 in Axes
  8330 | D:8      | Found a burning altar of Makhleb.
  8446 | D:9      | HP: 2/88 [orc priest/divine providence (15)]
  8447 | D:9      | Reached *** piety under Okawaru
  8937 | D:9      | Reached skill level 5 in Armour
  8948 | D:9      | Slain by a yak

Levels and vault maps discovered:
D:1:      minmay_arrival_shattered_statue, layout_rooms, st_stairs_12
D:2:      minmay_spotlight, layout_loops_ring
D:3:      layout_loops_ring, old_standard_altar, uniq_jessica
D:4:      gammafunk_wand_slinger, layout_basic,
          grunt_dithmenos_smoke_and_mirrors
D:5:      layout_basic, basic_altar, first_ration, gup_sewer_entry_spiral
D:6:      layout_basic, minmay_temple_entry_overgrown
D:7:      layout_cave_pools, dk_noncrumbling_3, uniq_joseph
D:8:      layout_loops_corners, grunt_temple_overflow_cloverleaf,
          lemuel_coloured_pillars_altar, enter_ossuary_1, uniq_erica
D:9:      layout_gridville
Temple:   kb_temple_of_zot

Skill      XL: |  1  2  3  4  5  6  7  8  9 10 |
---------------+-------------------------------+-----
Axes           | 3 4 6 7 9 11 13 15 16 | 16.5
Fighting       | 4 7 8 |  8.2
Armour         | 5 |  5.5
Shields        | |  3.6

Action                   |  1- 3 |  4- 6 |  7- 9 | 10-12 || total
-------------------------+-------+-------+-------+-------++-------
Melee: War axe           |    85 |    94 |   213 |       ||   392
       Headbutt          |     7 |     9 |    53 |    28 ||    97
       Battleaxe         |       |       |    87 |   120 ||   207
Throw: Boomerang         |     1 |       |       |       ||     1
       Javelin           |       |     9 |     2 |     3 ||    14
Evoke: Wand              |       |       |     5 |       ||     5
  Use: Potion            |     2 |     1 |     6 |     1 ||    10
       Scroll            |     1 |       |     3 |     9 ||    13
  Eat: Chunk             |     1 |     5 |    13 |     3 ||    22
       Ration            |       |       |       |     1 ||     1
Armor: Scale mail        |    35 |    22 |    93 |    35 ||   185
       Skin              |       |    14 |       |       ||    14
Dodge: Dodged            |    25 |    34 |   100 |    49 ||   208
Block: Shield            |    50 |    49 |    94 |       ||   193
